 Dungeon Crawl Stone Soup version 0.29-a0-234-g0dae59b3db (webtiles) character file.

Game seed: 5918756245316524500

70 sammy202020 the Skirmisher (level 4, 34/35 HPs)
             Began as a Demonspawn Berserker on Mar 3, 2022.
             Was a Believer of Trog.
             Quit the game on level 2 of the Dungeon.
             The game lasted 00:03:29 (1698 turns).

sammy202020 the Skirmisher (Demonspawn Berserker)   Turns: 1698, Time: 00:03:29

Health: 34/35      AC:  6    Str: 20    XL:     4   Next: 4%
Magic:  4/4        EV: 11    Int:  8    God:    Trog [**....]
Gold:   43         SH:  0    Dex: 12    Spells: 3/3 levels left

rFire   . . .      SeeInvis .   g - +1 hand axe (flame)
rCold   . . .      Faith    .   (no shield)
rNeg    . . .      Spirit   .   f - +0 ring mail
rPois   .          Reflect  .   (no helmet)
rElec   .          Harm     .   b - +0 cloak
rCorr   .          Rampage  .   (no gloves)
Will    .....                   (no boots)
Stlth   +.........              (no amulet)
HPRegen 0.11/turn               (no ring)
MPRegen 0.09/turn               (no ring)

@: no status effects
A: powered by pain 1, demonic touch 1
a: Renounce Religion, Berserk, Trog's Hand


You were on level 2 of the Dungeon.
You worshipped Trog.
Trog was pleased with you.
You visited 1 branch of the dungeon, and saw 2 of its levels.

You collected 43 gold pieces.

Inventory:

Hand Weapons
 a - a +0 mace
 g - a +1 hand axe of flaming (weapon)
Missiles
 c - 2 javelins (quivered)
Armour
 b - a +0 cloak (worn)
 f - a +0 ring mail (worn)
Scrolls
 d - a scroll of teleportation {unknown}
 e - 2 scrolls of identify {unknown}
 h - a scroll of fear {unknown}


   Skills:
 + Level 3.5 Fighting
 + Level 3.2 Maces & Flails
 + Level 2.5 Armour
 + Level 2.4 Dodging


You had 3 spell levels left.
You didn't know any spells.
Your spell library was empty.

Dungeon Overview and Level Annotations

Branches:
Dungeon (2/15)

Altars:

Shops:
D:2 [:


Innate Abilities, Weirdness & Mutations

You sometimes gain a little power by taking damage.
Your touch may inflict minor irresistible damage on your foes.


Message History

An adder comes into view.
The adder hisses angrily.
You hit the adder but do no damage.
You touch the adder.
The adder is moderately wounded.
The adder bites you but does no damage. The adder bites you.
You barely miss the adder.
The adder is moderately wounded.
The adder barely misses you.
You closely miss the adder. Your touch misses the adder.
The adder is moderately wounded.
The adder closely misses you. The adder barely misses you.
You closely miss the adder.
The adder is moderately wounded.
The adder barely misses you.
You hit the adder. You burn the adder.
You kill the adder!
Trog accepts your kill.
No target in view!
No target in view!
No target in view!
No target in view!
No target in view!
No target in view!
Found Jimery's Antique Armour Emporium.
An ufetubus comes into view.
An ufetubus is nearby!
The ufetubus shouts!
You hear an angry hiss.
The ufetubus misses you. The ufetubus barely misses you.
You hit the ufetubus but do no damage. Your touch misses the ufetubus.
The ufetubus hits you but does no damage.
The ufetubus barely misses you. The ufetubus closely misses you.
The ufetubus hits you.
You hit the ufetubus. You burn the ufetubus.
You kill the ufetubus!
Trog accepts your kill.
You have reached level 4!
You feel stronger.
Your demonic ancestry asserts itself...
You feel energised by your suffering.
A ball python comes into view.
Are you sure you want to abandon this character and quit the game? (Confirm with "yes".)

...######..........:
##.##....#..
##.#.......<
###.....##.## #
#####....#.##
#.#..........#
#.#..####.#.##
#....# #.#.#
#...#@## ....#
#.....# #.###
........S ...
..##..#.## #.#
#....∩# #......#
..... ... .........


You could see a ball python.

Vanquished Creatures
  2 adders (D:2)
  An ufetubus (D:2)
  4 dart slugs (D:1)
  3 ball pythons
  2 endoplasms (D:1)
  4 giant cockroaches
  A goblin (D:1)
  6 hobgoblins
  2 jackals (D:1)
  2 quokkas (D:1)
  A bat (D:2)
  2 frilled lizards (D:1)
  4 kobolds
  4 rats (D:1)
38 creatures vanquished.

Notes
Turn   | Place    | Note
-------+----------+-------------------------------------------
     0 | D:1      | sammy202020 the Demonspawn Berserker began the quest for
                  | the Orb.
     0 | D:1      | Reached XP level 1. HP: 18/18 MP: 1/1
   381 | D:1      | Gained mutation: Your touch may inflict minor irresistible
                  | damage on your foes. [demonic ancestry]
   381 | D:1      | Reached XP level 2. HP: 12/24 MP: 2/2
   787 | D:1      | Found a faded altar of an unknown god.
  1036 | D:1      | Reached XP level 3. HP: 29/29 MP: 3/3
  1189 | D:1      | Reached ** piety under Trog
  1642 | D:2      | Found Ohul's Book Shoppe.
  1691 | D:2      | Found Jimery's Antique Armour Emporium.
  1697 | D:2      | Gained mutation: You sometimes gain a little power by
                  | taking damage. [demonic ancestry]
  1697 | D:2      | Reached XP level 4. HP: 34/35 MP: 4/4
  1698 | D:2      | Quit the game

Illustrated notes

Levels and vault maps discovered:
D:1:      roderic_octagonal_star, layout_basic,
          hellmonk_ecumenical_altar_crossroads
D:2:      layout_rooms, basic_altar, serial_shops, nicolae_shop_statue_plus,
          shop, shop, shop, uniq_crazy_yiuf_cottage

Skill      XL: |  1  2 |
---------------+-------+-----
Armour         | 2 |  2.5
Dodging        | 2 |  2.4
Maces & Flails | 3 |  3.2
Fighting       | |  3.5

Action                   |  1- 3 |  4- 6 || total
-------------------------+-------+-------++-------
Melee: Mace              |    52 |       ||    52
       Hand axe          |    41 |       ||    41
       Touch             |    11 |       ||    11
 Stab: Sleeping          |     1 |       ||     1
Armor: Animal skin       |     6 |       ||     6
       Ring mail         |    27 |       ||    27
Dodge: Dodged            |    68 |       ||    68

Table legend: (Time is in decaauts)
 A = Elapsed time spent in this place.
 B = Non-inter-level travel time spent in this place.
 C = Inter-level travel time spent in this place.
 D = Time resting spent in this place.
 E = Time spent auto-exploring this place.
 F = Levels seen in this place.
 G = Mean time per level.
                   A        B        C        D        E       F      G
               +--------+--------+--------+--------+--------+-----+--------+
         Total |   1719 |   1667 |     52 |      0 |   1318 |   2 |  859.5 |
       Dungeon |   1719 |   1667 |     52 |      0 |   1318 |   2 |  859.5 |
               +--------+--------+--------+--------+--------+-----+--------+

Top non-repeatable levels by time:
     D:1: 1490 daAuts
     D:2: 228 daAuts
